 Dungeon Sprint DCSS version 0.22-a0-253-gf9d0ce5 (webtiles) character file.

9902 Ghella the Ninja (level 11, -1/49 HPs)
             Began as a Spriggan Enchanter on Mar 3, 2018.
             Was the Champion of Dithmenos.
             Killed from afar by a deep elf knight (40 damage)
             ... with a stone arrow
             ... in the Dungeon (Sprint III: "The Ten Rune Challenge") on Mar 4, 2018.
             The game lasted 00:17:13 (2315 turns).

Ghella the Ninja (Spriggan Enchanter)               Turns: 2315, Time: 00:17:13

Health: -1/49      AC:  3    Str:  4    XL:     11   Next: 29%
Magic:  18/29      EV: 25    Int: 17    God:    Dithmenos [******]
Gold:   1825       SH:  0    Dex: 20    Spells: 30/36 levels left

rFire    . . .     SeeInvis +   t - +0 dagger (freeze)
rCold    + . .     Gourm    .   (shield restricted)
rNeg     . . .     Faith    .   s - +1 robe {rC+}
rPois    .         Spirit   .   (helmet restricted)
rElec    .         Reflect  .   (no cloak)
rCorr    .         Harm     .   (gloves unavailable)
MR       +....     NoTele   +   (boots unavailable)
Stlth    ++++++++++             (no amulet)
HPRegen  0.16/turn              (no ring)
MPRegen  0.21/turn              (no ring)

@: wreathed by umbra, very quick
A: very small, unfitting armour, see invisible, herbivore, speed 3, slow
metabolism 2
a: Shadow Step, Shadow Form, Renounce Religion


You were in the Dungeon.
You worshipped Dithmenos.
Dithmenos was exalted by your worship.
You were not hungry.

You visited 1 branch You collected 3889 gold pieces.
You spent 2064 gold pieces at shops.

Inventory:

Hand Weapons
 a - a +1 dagger
 j - a +2 long sword of holy wrath
 q - a -1 blowgun
 t - a +0 dagger of freezing (weapon)
Armour
 s - a +1 robe of cold resistance (worn)
Wands
 p - a wand of paralysis (15)
 v - a wand of disintegration (12)
Scrolls
 k - 2 scrolls of immolation {unknown}
 l - 3 scrolls of identify
 m - 2 scrolls of remove curse
Potions
 c - 6 potions of mutation
 e - 3 potions of curing
 f - 2 potions of heal wounds
 g - a potion of haste
 h - 2 potions of magic
 i - 2 potions of berserk rage
 n - 2 potions of flight
 o - a potion of might
Miscellaneous
 b - a sack of spiders
 r - 2 phantom mirrors
 u - a crystal ball of energy
 w - a crystal ball of energy
 x - a crystal ball of energy
Comestibles
 d - 19 rations


   Skills:
 + Level 1.2 Fighting
 + Level 6.9 Short Blades
 * Level 8.4 Dodging
 O Level 27 Stealth
 + Level 13.1 Spellcasting
 + Level 13.6 Hexes
 + Level 6.2 Ice Magic
 + Level 1.2 Invocations


You had 30 spell levels left.
You knew the following spells:

 Your Spells              Type           Power        Failure   Level  Hunger
a - Corona                Hex            ######.      1%          1    None
b - Confuse               Hex            ######..     1%          3    None
c - Ensorcelled Hibernat  Hex/Ice        #####.       1%          2    None


Dungeon Overview and Level Annotations

Branches:
Dungeon (1/1)

Altars:
Cheibriados
Dithmenos
Elyvilon
Fedhas
Gozag
Hepliaklqana
Kikubaaqudgha
Makhleb
Nemelex Xobeh
Okawaru
Qazlal
Ru
Sif Muna
Trog
Uskayaw
Vehumet
Wu Jian
Xom
Yredelemnul
Zin
The Shining One
Beogh
Jiyva
Lugonu

Shops:
D }


Innate Abilities, Weirdness & Mutations

You are very small and have problems with some larger weapons.
You are too small for most types of armour.
You have supernaturally acute eyesight. (SInv)
You are a herbivore.
You cover ground extremely quickly.
You need consume almost no food.


Message History

Aiming: Ensorcelled Hibernation (safe; 1% risk of failure)
Press: ? - help, Shift-Dir - straight line, f/p - deep elf knight
Aim: a deep elf knight, wielding a scimitar and wearing a buckler (fast, umbra, chance to defeat MR: 19%)
The deep elf knight resists with almost no effort.
Your shadow mimicks your spell!
The deep elf knight resists with almost no effort.
Casting: Ensorcelled Hibernation (safe; 1% risk of failure)
Confirm with . or Enter, or press ? or * to list all spells.
Aiming: Ensorcelled Hibernation (safe; 1% risk of failure)
Press: ? - help, Shift-Dir - straight line, f/p - deep elf knight
Aim: a deep elf knight, wielding a scimitar and wearing a buckler (fast, umbra, chance to defeat MR: 19%)
The deep elf knight resists with almost no effort.
Aiming: Phantom Mirror
Press: ? - help, Dir - move target cursor, f/p - deep elf knight
Aim: a deep elf knight, wielding a scimitar and wearing a buckler (fast, umbra)
You reflect the deep elf knight with the mirror, and the mirror shatters!
The deep elf knight points at you and mumbles some strange words.
The stone arrow hits you!
Ouch! That really hurt!
You die...

▓▓▓▓▓▓▓▓▓▓ ▓▓▓ ▓▓▓▓ .#..'....♣♣
♣.##############$$# .#..#.....♣♣
♣♣.#___#___#__#$$#$# '####......♣
♣..#...#__)#._#(.(.. ....#....≈.♣
♣♣.###'#'###'##((.).
....#...≈≈♣♣♣♣..#......[...#$$e).
...(#..≈≈≈≈.♣.♣.@e⌠...[...[#.e###
###'#..≈≈≈≈≈≈♣♣.#.e.######'#.$$$#
....#.≈≈≈≈≈≈....#.⌠.#__#...#'####
..).#.≈≈≈≈≈.....#...#__#...#.§§§≈
....#.≈≈≈.......#'###__#..[#.#§§≈
#####...........#)[[#__#))))[#§§§
................#___#__'...#.#.[.
▓▓▓▓▓▓▓▓▓▓▓▓▓▓▓▓▓▓▓▓▓▓▓▓▓▓▓▓▓▓▓▓▓


You could see a deep elf knight and a friendly deep elf knight.

Vanquished Creatures
  Sigmund (D)
  Erica (D)
  A centaur warrior (D)
  2 unseen horrors (D)
  An orc sorcerer (D)
  A deep elf mage (D)
  Edmund (D)
  A queen bee (D)
  An orc high priest (D)
  A shadow (D)
  An orc warrior (D)
  A necrophage (D)
  2 centaurs (D)
  An earth elemental (D)
  A water elemental (D)
  A scorpion (D)
  32 killer bees (D)
  A jelly (D)
  4 orc priests (D)
  4 orc wizards (D)
  A wizard (D)
  Jessica (D)
  A necromancer (D)
  A kobold demonologist (D)
  3 humans (D)
  An ooze (D)
  8 orcs (D)
  2 rats (D)
  A plant (D)
78 creatures vanquished.

Vanquished Creatures (others)
  2 draconian scorchers (D)
  6 hellions (D)
  2 yaktaurs (D)
  An orc (D)
11 creatures vanquished.

Grand Total: 89 creatures vanquished

Notes
Turn   | Place    | Note
-------+----------+-------------------------------------------
     0 | D        | Ghella the Spriggan Enchanter began the quest for the Orb.
     0 | D        | Reached XP level 1. HP: 9/9 MP: 5/5
     8 | D        | Reached skill level 5 in Stealth
    11 | D        | Noticed Jessica
    14 | D        | Killed Jessica
    14 | D        | Reached skill level 8 in Stealth
    14 | D        | Reached skill level 5 in Hexes
    14 | D        | Reached XP level 2. HP: 13/13 MP: 5/7
    14 | D        | Reached XP level 3. HP: 16/16 MP: 6/9
    49 | D        | Learned a level 3 spell: Confuse
    52 | D        | Learned a level 2 spell: Ensorcelled Hibernation
    98 | D        | Noticed a scorpion
   105 | D        | Killed a scorpion
   105 | D        | Reached skill level 10 in Stealth
   105 | D        | Reached XP level 4. HP: 21/21 MP: 11/11
   120 | D        | Reached skill level 11 in Stealth
   172 | D        | Killed a hellion
   189 | D        | Noticed a water elemental
   190 | D        | Killed a hellion
   192 | D        | Killed a water elemental
   192 | D        | Reached skill level 5 in Dodging
   192 | D        | Reached skill level 12 in Stealth
   192 | D        | Reached XP level 5. HP: 24/24 MP: 12/12
   194 | D        | Killed a hellion
   195 | D        | Killed a hellion
   196 | D        | Found a glowing silver altar of Zin.
   196 | D        | Found a glowing golden altar of the Shining One.
   196 | D        | Found a white marble altar of Elyvilon.
   197 | D        | Noticed a deep elf mage
   200 | D        | Noticed a redback
   200 | D        | Noticed a redback
   209 | D        | Killed a deep elf mage
   209 | D        | Reached skill level 17 in Stealth
   209 | D        | Reached skill level 1 in Ice Magic
   209 | D        | Reached XP level 6. HP: 25/28 MP: 8/16
   209 | D        | Reached XP level 7. HP: 28/32 MP: 8/17
   212 | D        | Killed a yaktaur
   224 | D        | Killed a hellion
   253 | D        | Killed a white draconian scorcher
   253 | D        | Killed a white draconian scorcher
   279 | D        | Found a hide-covered altar of Uskayaw.
   279 | D        | Found a roughly hewn altar of Beogh.
   279 | D        | Found an iron altar of Okawaru.
   279 | D        | Found a bloodstained altar of Trog.
   279 | D        | Found an ornate altar of the Wu Jian Council.
   279 | D        | Noticed a human
   280 | D        | Noticed a human
   282 | D        | Killed a human
   282 | D        | Reached skill level 18 in Stealth
   282 | D        | Reached skill level 10 in Hexes
   283 | D        | Killed a human
   302 | D        | Found a basalt altar of Yredelemnul.
   302 | D        | Found a shadowy altar of Dithmenos.
   302 | D        | Found a sacrificial altar of Ru.
   304 | D        | Reached skill level 19 in Stealth
   313 | D        | Became a worshipper of Dithmenos the Shadowed
   318 | D        | Killed a hellion
   326 | D        | Found a radiant altar of Vehumet.
   326 | D        | Found a deep blue altar of Sif Muna.
   326 | D        | Found an ancient bone altar of Kikubaaqudgha.
   328 | D        | Reached XP level 8. HP: 36/36 MP: 19/19
   330 | D        | Reached * piety under Dithmenos
   375 | D        | Reached skill level 20 in Stealth
   394 | D        | Found a blossoming altar of Fedhas.
   394 | D        | Found a stormy altar of Qazlal.
   394 | D        | Found a snail-covered altar of Cheibriados.
   394 | D        | Found a burning altar of Makhleb.
   394 | D        | Found a shimmering altar of Xom.
   395 | D        | Found a hazy altar of Hepliaklqana.
   395 | D        | Found an opulent altar of Gozag.
   395 | D        | Found a sparkling altar of Nemelex Xobeh.
   395 | D        | Found a corrupted altar of Lugonu.
   395 | D        | Found a viscous altar of Jiyva.
   480 | D        | Noticed Erica
   482 | D        | Killed Erica
   482 | D        | Reached ** piety under Dithmenos
   482 | D        | Reached skill level 21 in Stealth
   497 | D        | Reached skill level 22 in Stealth
   522 | D        | Noticed a centaur warrior
   524 | D        | Reached XP level 9. HP: 40/40 MP: 21/21
   536 | D        | Killed a centaur warrior
   536 | D        | Reached skill level 23 in Stealth
   541 | D        | Killed a yaktaur
   648 | D        | Noticed an unseen horror
   648 | D        | Noticed an unseen horror
   649 | D        | Killed an unseen horror
   649 | D        | Reached skill level 24 in Stealth
   651 | D        | Killed an unseen horror
   651 | D        | Reached *** piety under Dithmenos
   651 | D        | Reached skill level 25 in Stealth
   676 | D        | Noticed Sigmund
   676 | D        | Noticed Edmund
   686 | D        | Killed Sigmund
   686 | D        | Reached skill level 27 in Stealth
   686 | D        | Reached XP level 10. HP: 43/44 MP: 13/26
   687 | D        | Killed Edmund
   687 | D        | Reached **** piety under Dithmenos
   687 | D        | Reached skill level 1 in Fighting
   687 | D        | Reached skill level 1 in Invocations
   891 | D        | Reached ***** piety under Dithmenos
   906 | D        | Reached XP level 11. HP: 44/49 MP: 22/27
   922 | D        | Reached skill level 5 in Ice Magic
  1005 | D        | Reached ****** piety under Dithmenos
  1704 | D        | Noticed a yaktaur captain
  1733 | D        | Noticed an orc sorcerer
  1737 | D        | Found Enuimuh's Gadget Emporium.
  2052 | D        | Killed an orc sorcerer
  2254 | D        | Noticed a deep elf mage
  2254 | D        | Noticed a deep elf knight
  2254 | D        | Noticed a deep elf knight
  2254 | D        | Noticed a deep elf mage
  2254 | D        | Noticed a deep elf mage
  2269 | D        | Bought a sack of spiders for 240 gold pieces
  2269 | D        | Bought a phantom mirror for 360 gold pieces
  2269 | D        | Bought a wand of disintegration (12) for 192 gold pieces
  2269 | D        | Bought a wand of paralysis (4) for 72 gold pieces
  2269 | D        | Bought a crystal ball of energy for 240 gold pieces
  2269 | D        | Bought a phantom mirror for 360 gold pieces
  2269 | D        | Bought a phantom mirror for 360 gold pieces
  2269 | D        | Bought a crystal ball of energy for 240 gold pieces
  2315 | D        | Killed from afar by a deep elf knight

Vault maps used:
D:        dungeon_sprint_mu

Skill      XL: |  1  2  3  4  5  6  7  8  9 10 11 |
---------------+----------------------------------+-----
Stealth        | 8 10 12 17 19 22 27 | 27.0
Spellcasting   | 3 4 6 7 11 13 | 13.1
Hexes          | 5 6 7 9 10 11 12 13 | 13.6
Dodging        | 4 5 6 7 8 |  8.4
Ice Magic      | 1 2 4 6 |  6.2
Short Blades   | 2 6 |  6.9
Fighting       | 1 |  1.2
Invocations    | 1 |  1.2

Action                   |  1- 3 |  4- 6 |  7- 9 | 10-12 || total
-------------------------+-------+-------+-------+-------++-------
Melee: Dagger            |     5 |     4 |    21 |   330 ||   360
 Fire: Blowgun           |       |       |       |     6 ||     6
 Cast: Ensorcelled Hiber |       |     3 |    10 |    72 ||    85
       Confuse           |       |       |     1 |     8 ||     9
Invok: Shadow Step       |       |       |     1 |     4 ||     5
Evoke: Phantom mirror    |       |       |       |     1 ||     1
  Use: Scroll            |       |     1 |       |     1 ||     2
 Stab: Sleeping          |     5 |     4 |    15 |    48 ||    72
       Confused          |       |       |     1 |     4 ||     5
Armor: Robe              |       |       |       |     3 ||     3
Dodge: Dodged            |       |     5 |    15 |    94 ||   114

Table legend:
 A = Spawn XP
 B = Non-spawn XP
 C = Spawn XP percentage of total XP
 D = Spawn monster count
 E = Non-spawn monster count
 F = Spawn count percentage of total count
 G = Total turns spent on level
                    A         B        C        D         E        F      G
               +---------+---------+-------+---------+---------+-------+---------
         Total |       0 |   14146 |   0.0 |       0 |      77 |   0.0 |  2315
               +---------+---------+-------+---------+---------+-------+---------
             D |       0 |   14146 |   0.0 |       0 |      77 |   0.0 |  2315
               +---------+---------+-------+---------+---------+-------+---------
